 Dungeon Crawl Stone Soup version 0.32-a0-329-ge6c31236d6 (webtiles) character file.

Game seed: 15830087856749109442

65 PriceMaster the Firebug (level 4, 0/40 HPs)
             Began as an Octopode Fire Elementalist on Feb 17, 2024.
             Slain by a gnoll
             ... wielding a +0 club
              (3 damage)
             ... on level 2 of the Dungeon.
             The game lasted 00:01:44 (1095 turns).

PriceMaster the Firebug (OpFE)                      Turns: 1095, Time: 00:01:44

Health: 0/40       AC: 22    Str:  7    XL:     4   Next: 13%
Magic:  1/7        EV:  2    Int: 19    God:
Gold:   95         SH:  0    Dex: 12    Spells: 1/7 levels left

rFire   . . .        h - +3 dagger (flame)
rCold   . . .        (no shield)
rNeg    . . .        (helmet currently unavailable)
rPois   +            (no amulet)
rElec   .            (no ring)
rCorr   .            (no ring)
SInv    .            (no ring)
Will    .....        (no ring)
Stlth   ++           (no ring)
HPRegen 0.26/turn    (no ring)
MPRegen 0.10/turn    (no ring)
                     (no ring)

%: no passive effects
@: tree-form
A: stationary, stasis, torment immunity, boosted hp, almost no armour,
(amphibious), 8 rings, (camouflage 1), (gelatinous body 1), (nimble swimmer 1),
(tentacles)
a: no special abilities


You were on level 2 of the Dungeon.
You were a tree.
You visited 1 branch of the dungeon, and saw 2 of its levels.

You collected 95 gold pieces.

Inventory:

Hand Weapons
 a - a +0 whip
 h - a +3 dagger of flaming (weapon)
Scrolls
 c - 2 scrolls of identify {unknown}
 f - 2 scrolls of poison


   Skills:
 + Level 0.2 Fighting
 + Level 2.4 Dodging
 + Level 3.0 Stealth
 + Level 2.3 Spellcasting
 + Level 1.4 Conjurations
 + Level 0.8 Hexes
 + Level 3.8 Fire Magic


You had one spell level left.
You knew the following spells:

 Your Spells              Type           Power      Damage    Failure   Level
a - Foxfire               Conj/Fire      48%        2x1d6     5%          1
b - Scorch                Fire           32%        2d6       4%          2
c - Inner Flame           Hex/Fire       11%        N/A       19%         3

Your spell library contained the following spells:

 Spells                   Type           Power      Damage    Failure   Level
 Volatile Blastmotes      Fire/Tloc      18%        2d11      22%         3
 Flame Wave               Conj/Fire      12%        2d6       47%         4


Dungeon Overview and Level Annotations

Branches:
Dungeon (2/15)

Altars:


Innate Abilities, Weirdness & Mutations

You are a tree.
Your roots penetrate the ground, keeping you stationary.
You cannot be teleported.
You are immune to unholy pain and torment.
Your maximum health is greatly increased.
You cannot wear most types of armour.
((You are amphibious.))
You can wear up to eight rings at the same time.
((Your skin changes colour to match your surroundings (Stealth+).))
((Your rubbery body absorbs attacks. (AC +1, EV +1)))
((You are camouflaged when in or above water. (Stealth+)))
((You have tentacles for arms and can constrict up to eight enemies at once.))


Message History

The gnoll completely misses you.
You closely miss the gnoll.
The gnoll is severely wounded.
The gnoll hits you but does no damage. The gnoll hits you with a +0 club.
The gnoll hits you with a +2 flail of protection.
You hit the gnoll. You burn the gnoll.
The gnoll is almost dead.
The gnoll hits you but does no damage. x2; The gnoll completely misses you.
You completely miss the gnoll.
The gnoll is almost dead.
The goblin hits the plant with a +0 club.
The plant begins to die.
The gnoll hits you with a +0 club. x2
The gnoll hits you with a +2 flail of protection!
* * * LOW HITPOINT WARNING * * *
You aren't carrying any potions.
Unknown command.
You aren't carrying any potions.
As you read the scroll labelled ZAICIMU POGUA, it crumbles to dust.
It is a scroll of enchant weapon.
Your +2 dagger of flaming glows red for a moment.
The gnoll hits you but does no damage.
The goblin completely misses the plant.
The gnoll barely misses you.
The gnoll hits you with a +2 flail of protection.
* * * LOW HITPOINT WARNING * * *
As you read the scroll labelled ZAESAI PENAENE, it crumbles to dust.
You feel aware of your surroundings.
It was a scroll of revelation.
The goblin hits the plant with a +0 club.
The gnoll hits you but does no damage. x3
As you read the scroll labelled LYAXTEVOSO, it crumbles to dust.
It is a scroll of amnesia.
Okay, then.
The gnoll hits you but does no damage.
The goblin hits the plant with a +0 club.
The gnoll hits you but does no damage. x2
The air fills with toxic fumes!
As you read the scroll labelled XOANNEFFUE, it crumbles to dust.
It was a scroll of poison.
The goblin hits the plant with a +0 club.
The gnoll hits you with a +0 club.
You die...

#.# *,,,,,,,,,,* #.#
#####§P§P§§§§§§* #.#
#####§§§§§§§§§§* #.#
#####§P§§§§§§§§* #.#
#####§§§§§§§§§#* #.#
#####§§PP§§PP§# #.#
#####§§§P§PP§§# #.#
######gggg§§§## #.#
#######♣#######
#.#############§#######
#............##§#######
#............##§#######
##............##§#######
.....#....#....§§#######
.##..........#.#########
..#....##....#.#########
.......##....#.#


You could see 3 gnolls and a goblin.

Vanquished Creatures
  A gnoll (D:2)
  2 dart slugs
  5 bats (D:1)
  3 endoplasms (D:1)
  4 hobgoblins (D:1)
  2 kobolds (D:1)
  A quokka (D:1)
  3 ball pythons (D:1)
  A frilled lizard (D:1)
  A goblin (D:1)
  7 rats
30 creatures vanquished.

Vanquished Creatures (others)
  49 foxfires
49 creatures vanquished.

Grand Total: 79 creatures vanquished

Notes
Turn   | Place    | Note
-------+----------+-------------------------------------------
     0 | D:1      | PriceMaster the Octopode Fire Elementalist began the quest
                  | for the Orb.
     0 | D:1      | Reached XP level 1. HP: 11/11 MP: 3/3
    87 | D:1      | Reached XP level 2. HP: 8/17 MP: 5/5
   304 | D:1      | Reached XP level 3. HP: 21/21 MP: 2/6
   487 | D:1      | Learned a level 2 spell: Scorch
   511 | D:1      | Learned a level 3 spell: Inner Flame
  1088 | D:2      | Reached XP level 4. HP: 27/27 MP: 0/7
  1092 | D:2      | HP: 2/40 [gnoll/+2 flail of protection (3)]
  1095 | D:2      | Slain by a gnoll

Illustrated notes

Levels and vault maps discovered:
D:1:      minmay_arrival_stair_chambers, layout_rooms, amcnicky_mini_pool_small
D:2:      layout_loops_ring, serial_bayou_lagoon_a, dreamdust_wishing_well,
          skrybe_limestone_x, nicolae_grassy_gnolls

Skill      XL: |  1  2  3 |
---------------+----------+-----
Stealth        | 3 |  3.0
Fighting       | |  0.2
Dodging        | |  2.4
Spellcasting   | |  2.3
Conjurations   | |  1.4
Hexes          | |  0.8
Fire Magic     | |  3.8

Action                     |  1- 3 |  4- 6 || total
---------------------------+-------+-------++-------
  Melee: Unarmed           |     4 |       ||     4
         Constrict         |     3 |       ||     3
         Whip              |     6 |       ||     6
         Tentacles         |     3 |       ||     3
         Dagger            |     3 |     4 ||     7
   Cast: Foxfire           |    44 |       ||    44
         Inner Flame       |     2 |       ||     2
         Scorch            |     1 |       ||     1
    Use: Potion            |     2 |       ||     2
         Scroll            |       |     4 ||     4
   Stab: Sleeping          |     1 |       ||     1
 Armour: Skin              |    15 |    18 ||    33
  Dodge: Dodged            |     9 |     4 ||    13

Table legend: (Time is in decaauts)
 A = Elapsed time spent in this place.
 B = Non-inter-level travel time spent in this place.
 C = Inter-level travel time spent in this place.
 D = Time resting spent in this place.
 E = Time spent auto-exploring this place.
 F = Levels seen in this place.
 G = Mean time per level.
                   A        B        C        D        E       F      G
               +--------+--------+--------+--------+--------+-----+--------+
         Total |   1094 |   1068 |     26 |      0 |    908 |   2 |  547.0 |
       Dungeon |   1094 |   1068 |     26 |      0 |    908 |   2 |  547.0 |
               +--------+--------+--------+--------+--------+-----+--------+

Top non-repeatable levels by time:
     D:1: 985 daAuts
     D:2: 108 daAuts
